 Dungeon Crawl Stone Soup version 0.18-a0-1273-g8ec5f8e (webtiles) character file.

175 Gagarin the Slasher (level 5, -2/46 HPs)
             Began as a Hill Orc Gladiator on Feb 7, 2016.
             Slain by a gnoll sergeant
             ... wielding a +3 spear of distortion
              (6 damage)
             ... on level 3 of the Dungeon.
             The game lasted 00:10:22 (2236 turns).

Gagarin the Slasher (Hill Orc Gladiator)            Turns: 2236, Time: 00:10:22

Health: -2/46      AC: 12    Str: 19    XL:     5   Next: 55%
Magic:  5/5        EV: 10    Int:  8    God:
Gold:   94         SH:  0    Dex:  9    Spells: 0 memorised, 4 levels left

rFire  . . .     SeeInvis .     a - +0 long sword
rCold  . . .     Gourm    .     e - +0 chain mail
rNeg   . . .     Faith    .     (no shield)
rPois  .         Spirit   .     v - +2 helmet
rElec  .         Dismiss  .     x - +0 cloak
rCorr  .         Reflect  .     (no gloves)
SustAt .         Harm     .     (no boots)
MR     .....                    (no amulet)
Stlth  ..........               (no ring)
                                (no ring)

@: not resistant to hostile enchantments, extremely unstealthy
A: repulsion field 1, clumsy 1, regeneration 1
a: no special abilities


You were on level 3 of the Dungeon.
You were not hungry.

You visited 1 branch of the dungeon, and saw 3 of its levels.

You collected 94 gold pieces.

Inventory:

Hand Weapons
 a - a +0 long sword (weapon)
 m - a +4 quarterstaff of chaos
 q - a +0 dagger of speed
 y - a cursed +0 hunting sling
 C - a cursed -1 dagger
Missiles
 d - 3 throwing nets (quivered)
 h - 58 arrows
 i - 21 poisoned bolts
 n - 11 tomahawks
Armour
 b - a +0 leather armour
 c - a +0 helmet
 e - a +0 chain mail (worn)
 v - a +2 helmet (worn)
 x - a +0 cloak (worn)
Wands
 s - a wand of iceblast (5/15)
 w - a wand of teleportation (0/9)
Scrolls
 j - a scroll of identify {unknown}
 k - 2 scrolls of remove curse {unknown}
 l - 4 scrolls of teleportation {unknown}
 p - 2 scrolls of enchant weapon {unknown}
 u - a scroll of fear {unknown}
 z - a scroll of magic mapping {unknown}
Potions
 t - a potion of might {unknown}
 A - a potion of cure mutation {unknown}
Comestibles
 f - 4 bread rations
 g - a chunk of flesh
 o - 4 fruits
 r - a beef jerky
 B - a meat ration


   Skills:
 + Level 3.9 Fighting
 + Level 4.4 Long Blades
 + Level 2.3 Throwing
 + Level 1.9 Armour
 + Level 3.0 Dodging
 + Level 0.5 Stealth


You had 4 spell levels left.
You didn't know any spells.

Dungeon Overview and Level Annotations

Branches:
Dungeon (3/15)

Altars:
Elyvilon
Sif Muna
Trog
Yredelemnul


Innate Abilities, Weirdness & Mutations

You are surrounded by a mild repulsion field (EV +2).
You are clumsy. (Dex -2)
Your natural rate of healing is unusually fast.


Message History

You slash the gnoll sergeant!
The gnoll sergeant is moderately wounded.
The gnoll sergeant hits you but does no damage.
The gnoll hits you from afar with a spear.
You barely miss the gnoll sergeant.
The gnoll sergeant is moderately wounded.
The gnoll sergeant hits you but does no damage.
Space warps horribly around you! The gnoll completely misses you.
You closely miss the gnoll sergeant.
The gnoll sergeant is moderately wounded.
The gnoll sergeant hits you with a spear of distortion.
* * * LOW HITPOINT WARNING * * *
Space bends around you.
* * * LOW HITPOINT WARNING * * *
The gnoll hits you but does no damage.
The gnoll sergeant hits you but does no damage.
Space bends around you.
* * * LOW HITPOINT WARNING * * *
The gnoll sergeant hits you from afar with a spear of distortion.
You die...

#..# #.## #.# #.#
#.# ###### #.#
.....####### #.#
####.......#######.#
#######).ggg.@..#
###########


You could see a gnoll sergeant and 2 gnolls.

Vanquished Creatures
  Crazy Yiuf (D:2)
  Ijyb (D:2)
  Robin (D:2)
  4 adders
  An ooze (D:3)
  A worm (D:2)
  4 giant geckos
  A ball python (D:2)
  5 bats
  A giant cockroach (D:3)
  15 goblins
  7 hobgoblins
  4 jackals (D:2)
  A quokka (D:2)
  4 giant newts
  5 kobolds
  7 rats
  A spectral orc (D:2)
64 creatures vanquished.

Notes
Turn   | Place    | Note
--------------------------------------------------------------
     0 | D:1      | Gagarin the Hill Orc Gladiator began the quest for the Orb.
     0 | D:1      | Reached XP level 1. HP: 18/18 MP: 1/1
   378 | D:1      | Reached XP level 2. HP: 25/25 MP: 2/2
  1084 | D:2      | Reached XP level 3. HP: 18/30 MP: 3/3
  1121 | D:2      | Gained mutation: You are clumsy. (Dex -2) [potion of mutation]
  1121 | D:2      | Gained mutation: Your natural rate of healing is unusually fast. [potion of mutation]
  1121 | D:2      | Gained mutation: You are surrounded by a mild repulsion field (EV +2). [potion of mutation]
  1260 | D:2      | Noticed Robin
  1404 | D:2      | Noticed Ijyb
  1428 | D:2      | Killed Ijyb
  1428 | D:2      | Reached skill level 4 in Long Blades
  1428 | D:2      | Reached XP level 4. HP: 33/38 MP: 4/4
  1473 | D:2      | Found a deep blue altar of Sif Muna.
  1597 | D:2      | Killed Robin
  1623 | D:2      | Reached skill level 1 in Armour
  1690 | D:2      | Found a basalt altar of Yredelemnul.
  1734 | D:2      | Noticed Crazy Yiuf
  1746 | D:2      | Killed Crazy Yiuf
  1746 | D:2      | Reached XP level 5. HP: 14/46 MP: 5/5
  1928 | D:2      | Found a white marble altar of Elyvilon.
  2096 | D:3      | Found a bloodstained altar of Trog.
  2236 | D:3      | Slain by a gnoll sergeant

Vault maps used:
D:1:      minmay_arrival_open_corners
D:2:      yredelemnul_forgotten_temple_becter, lemuel_crystal_altar,
          lemuel_crystal_altar, first_bread, kennysheep_generic_room_4,
          uniq_iyjb, uniq_crazy_yiuf_cottage, uniq_robin
D:3:      old_standard_altar

Action                   |  1- 3 |  4- 6 || total
-------------------------+-------+-------++-------
Melee: Long sword        |   118 |   143 ||   261
       Dagger            |    25 |       ||    25
Throw: Throwing net      |     5 |       ||     5
  Use: Potion            |     2 |     1 ||     3
  Eat: Chunk             |     2 |     3 ||     5
